 Dungeon Crawl Stone Soup version 0.29.1-1-gd02db6906a (webtiles) character file.

Game seed: 17490161863188405963

641 Sanktem7 the Trooper (level 7, -1/64 HPs)
             Began as a Minotaur Berserker on Sept 25, 2022.
             Was a Priest of Trog.
             Slain by an orc warrior
             ... wielding a +0 trident
              (8 damage)
             ... on level 5 of the Dungeon.
             The game lasted 00:09:01 (3468 turns).

Sanktem7 the Trooper (Minotaur Berserker)           Turns: 3468, Time: 00:09:01

Health: -1/64      AC: 18    Str: 24    XL:     7   Next: 26%
Magic:  6/6        EV:  9    Int:  4    God:    Trog [***...]
Gold:   379        SH:  0    Dex:  9    Spells: 6/6 levels left

rFire   . . .      SeeInvis .   a - +2 hand axe {axe}
rCold   + . .      Faith    .   (no shield)
rNeg    . . .      Spirit   .   t - +2 chain mail {rC+}
rPois   .          Reflect  .   (helmet restricted)
rElec   .          Harm     .   b - +1 cloak
rCorr   .          Rampage  .   o - +0 pair of gloves
Will    .....                   l - +2 pair of boots
Stlth   ..........              j - amulet of magic regeneration {@e2}
HPRegen 0.20/turn               (no ring)
MPRegen 0.50/turn               (no ring)

@: hasted, very quick
A: horns 2, retaliatory headbutt
a: Renounce Religion, Berserk, Trog's Hand


You were on level 5 of the Dungeon.
You worshipped Trog.
Trog was most pleased with you.
You visited 1 branch of the dungeon, and saw 5 of its levels.

You collected 379 gold pieces.


Innate Abilities, Weirdness & Mutations

You have a pair of horns on your head.
You reflexively headbutt those who attack you in melee.


   Skills:
 * Level 6.6 Fighting
 * Level 6.5 Axes
 + Level 4.4 Armour
 + Level 4.0 Dodging


You had 6 spell levels left.
You didn't know any spells.
Your spell library contained the following spells:

 Spells                   Type           Power      Damage    Failure   Level
 Ensorcelled Hibernation  Hex/Ice        0%         N/A       99%         2
 Passwall                 Tmut/Erth      0%         N/A       99%         2
 Swiftness                Air            0%         N/A       100%        3

Inventory:

Hand Weapons
 a - a +2 hand axe (weapon) {axe}
Missiles
 k - 38 stones (quivered) {throwing}
 v - 2 throwing nets {=f!fthrowing}
 y - 8 poisoned darts {throwing}
Armour
 b - a +1 cloak (worn)
   (You found it on level 1 of the Dungeon)
 d - a +0 plate armour
   (You found it on level 5 of the Dungeon)
 l - a +2 pair of boots (worn)
   (You found it on level 2 of the Dungeon)
 o - a +0 pair of gloves (worn)
   (You found it on level 2 of the Dungeon)
 t - a +2 chain mail of cold resistance (worn)
   (You took it off Terence on level 3 of the Dungeon)
Jewellery
 j - an amulet of magic regeneration (around neck) {@e2}
   (You found it on level 2 of the Dungeon)
Scrolls
 g - 2 scrolls of fear
 s - a scroll of amnesia
 w - a scroll of butterflies {unknown}
 x - a scroll of poison {unknown}
 B - 2 scrolls of immolation {unknown}
Potions
 c - a potion of magic {unknown}
 f - 2 potions of degeneration {unknown}
 h - a potion of cancellation {unknown}
 i - 2 potions of haste {@q3}
 m - 2 potions of lignification {unknown}
 r - a potion of heal wounds {unknown}
 u - a potion of attraction {unknown}

Dungeon Overview and Level Annotations

Branches:
Dungeon (5/15) Zot: 26528
 Temple: D:4-7

Altars:
Vehumet

Shops:
D:5

! #>......# +.# #...#.#
#...##...# #.#
####...... ....# ##†.#
#.####......... .....
##..######.....####....#
.... #..........<..##
##.... #...
#..##.........# ###..
##.)##....####.# ### .
##.o#....## #.# # ..
##oo.@...# #.# # #..
#.......# ..# # #..
##....#..# ..# # #..
##....# ..# .. #
#..##.....## ...
#.........# ..
#.....#...... .
##.....#......
#..##.........


You could see an orc warrior and 2 orcs.


Message History

You take 2 damage, and now have 52/64 hp.
You barely miss the orc. You hit something but do no damage.
You hit the orc. x2
You kill the orc!
Trog accepts your kill.
You feel very sick.
The orc warrior hits you from afar with a +0 trident.
Something hits you but does no damage. The orc hits you but does no damage.
You are more poisoned.
The orc hits you but does no damage. 😮 HP[-5]
You take 5 damage, and now have 47/64 hp.
You hit the orc.
You kill the orc!
Trog accepts your kill.
You miss something. You barely miss the orc.
You feel very sick.
The orc warrior hits you but does no damage.
Something hits you.
The orc drinks a potion.
The orc goes berserk!
The orc hits you but does no damage. 😮 HP[-6]
You take 6 damage, and now have 41/64 hp.
You closely miss the orc. You miss something.
You feel very sick. Something hits you but does no damage.
The orc warrior barely misses you. 😮 HP[-3]
You take 3 damage, and now have 38/64 hp.
You hit the orc. Your headbutt misses the orc. You hit the orc.
You miss something.
You feel sick. The orc hits you but does no damage. Something hits you.
The orc warrior barely misses you. The orc hits you with a +0 falchion.
* * * LOW HITPOINT WARNING * * *
The orc barely misses you. 😨 HP[-7]
You take 7 damage, and now have 31/64 hp.
You hit the orc but do no damage. You hit the orc. You hit something.
Trog accepts your kill.
Trog appreciates your killing of a magic user.
Reactivating autopickup.
You feel a bit more experienced.
You barely miss the orc.
You feel sick. The orc closely misses you. You furiously retaliate!
You headbutt the orc, but do no damage. The orc warrior closely misses you.
The orc hits you with a +0 flail!
* * * LOW HITPOINT WARNING * * *
The orc hits you but does no damage. 😨 HP[-8]
You take 8 damage, and now have 23/64 hp.
Unknown command.
The orc attacks as you move away! The orc barely misses you.
You feel sick.
The orc hits you but does no damage. x2 😨 HP[-2]
You take 2 damage, and now have 21/64 hp.
You feel sick. 😨 HP[-1]
You take 1 damage, and now have 20/64 hp.
You hit the orc. You headbutt the orc. You hit the orc but do no damage.
You feel sick. The orc barely misses you.
The orc warrior hits you from afar with a +0 trident!
* * * LOW HITPOINT WARNING * * *
The orc hits you with a +0 falchion.
* * * LOW HITPOINT WARNING * * *
The orc hits you but does no damage. 😱 HP[-12]
You take 12 damage, and now have 8/64 hp.
It was a potion of haste.
You feel yourself speed up.
You feel sick. The orc hits you with a +0 falchion.
* * * LOW HITPOINT WARNING * * *
The orc warrior barely misses you.
The orc hits you but does no damage. x2 😱 HP[-7]
You take 7 damage, and now have 1/64 hp.
It was a potion of curing.
You feel better. The orc hits you but does no damage.
The orc warrior hits you but does no damage.
The orc barely misses you.
The orc hits you but does no damage. 😱 HP[+10]
You regained 10 hp, and now have 11/64 hp.
You barely miss the orc. Your headbutt misses the orc. You barely miss the orc.
You hit the orc. The orc hits you with a +0 falchion!
* * * LOW HITPOINT WARNING * * *
😱 HP[-7]
You take 7 damage, and now have 4/64 hp.
You feel better. The orc hits you but does no damage.
The orc warrior hits you from afar with a +0 trident!
* * * LOW HITPOINT WARNING * * *
The orc hits you but does no damage. The orc barely misses you. 😱 HP[+1]
The orc attacks as you move away! The orc hits you but does no damage.
You see here an adder corpse.
The orc attacks as you move away! The orc barely misses you. 😱 HP[+1]
The orc attacks as you move away! The orc completely misses you.
You completely miss the orc. You headbutt the orc.
You kill the orc!
Trog accepts your kill.
Things that are here:
a +0 falchion {long}; a +0 chain mail 😱 HP[+1]
The orc warrior hits you from afar with a +0 trident!
You die...

Skill      XL: |  1  2  3  4  5  6  7 |
---------------+----------------------+-----
Fighting       | 4 5 6 |  6.6
Axes           | 4 5 6 |  6.5
Armour         | 3 4 |  4.4
Dodging        | 3 4 |  4.0

Action                   |  1- 3 |  4- 6 |  7- 9 || total
-------------------------+-------+-------+-------++-------
Melee: Hand axe          |    66 |    98 |    35 ||   199
       Headbutt          |    10 |    17 |     6 ||    33
       Punch             |       |     1 |       ||     1
  Use: Scroll            |       |     5 |       ||     5
       Potion            |       |       |     3 ||     3
Armor: Chain mail        |    39 |    58 |    38 ||   135
       Animal skin       |     1 |       |       ||     1
Dodge: Dodged            |    37 |    27 |    22 ||    86

Levels and vault maps discovered:
D:1:      nicolae_arrival_washed_ashore, layout_rooms
D:2:      layout_rooms, minivault_14
D:3:      layout_basic, minmay_misc_feat_doors, dk_noncrumbling_2,
          grunt_ministairs_5, uniq_terence
D:4:      layout_rooms, amcnicky_altar_gilded, kennysheep_path_1
D:5:      layout_layer_cave, serial_shops, nicolae_take_the_stairs,
          kennysheep_nondescript, chequers_arboretum

Notes
Turn   | Place    | Note
-------+----------+-------------------------------------------
     0 | D:1      | Sanktem7 the Minotaur Berserker began the quest for the
                  | Orb.
     0 | D:1      | Reached XP level 1. HP: 19/19 MP: 0/0
     0 | D:1      | magus.rc [v1.9.6]
    74 | D:1      | Reached XP level 2. HP: 27/27 MP: 1/1
   188 | D:1      | Reached skill level 4 in Fighting
   206 | D:1      | Reached skill level 4 in Axes
   411 | D:1      | Reached XP level 3. HP: 32/33 MP: 2/2
   602 | D:2      | Reached ** piety under Trog
   968 | D:2      | Reached XP level 4. HP: 38/41 MP: 3/3
  1359 | D:3      | You pick up a book of Burglary {forbidden} and begin
                  | reading...
  1359 | D:3      | You add the spells Passwall, Ensorcelled Hibernation and
                  | Swiftness to your library.
  1392 | D:3      | Reached skill level 3 in Armour
  1685 | D:3      | Noticed Terence
  1700 | D:3      | Killed Terence
  1966 | D:3      | Reached skill level 5 in Fighting
  1966 | D:3      | Reached skill level 3 in Dodging
  2274 | D:3      | Reached XP level 5. HP: 48/48 MP: 4/4
  2484 | D:4      | Reached skill level 5 in Axes
  2580 | D:4      | Found a radiant altar of Vehumet.
  2743 | D:4      | Reached XP level 6. HP: 54/56 MP: 5/5
  2846 | D:4      | Reached skill level 6 in Fighting
  2902 | D:4      | Reached *** piety under Trog
  3017 | D:4      | Reached skill level 6 in Axes
  3017 | D:4      | Reached skill level 4 in Armour
  3228 | D:5      | Entered Level 5 of the Dungeon
  3268 | D:5      | Found Kyboeb's Distillery.
  3319 | D:5      | Reached XP level 7. HP: 59/64 MP: 6/6
  3429 | D:5      | Reached skill level 4 in Dodging
  3449 | D:5      | HP: 12/64 [orc warrior/+0 trident (7)]
  3450 | D:5      | HP: 1/64 [orc/+0 falchion (6)]
  3468 | D:5      | Slain by an orc warrior

Vanquished Creatures
  2 phantoms
  A necrophage (D:5)
  3 scorpions (D:4)
  A hound (D:5)
  Terence (D:3)
  An iguana (D:4)
  An orc wizard (D:5)
  3 gnolls (D:3)
  5 adders
  A worm (D:2)
  3 dart slugs
  5 orcs (D:5)
  8 ball pythons
  6 endoplasms
  3 giant cockroaches
  5 goblins
  6 hobgoblins
  4 jackals (D:1)
  4 kobolds
  3 quokkas (D:1)
  5 bats
  2 frilled lizards
  5 rats
78 creatures vanquished.

Table legend:
 A = Non-vault XP
 B = Vault XP
 C = Vault XP percentage of total XP
 D = Non-vault monster count
 E = Vault monster count
 F = Vault count percentage of total count
                 A         B        C        D         E       F
            +---------+---------+-------+---------+---------+-------
      Total |     875 |      42 |   4.6 |      75 |       3 |   3.8
            +---------+---------+-------+---------+---------+-------
        D:1 |      41 |       0 |   0.0 |      22 |       0 |   0.0
        D:2 |      62 |       0 |   0.0 |      19 |       0 |   0.0
        D:3 |      52 |      42 |  44.7 |       9 |       3 |  25.0
        D:4 |     411 |       0 |   0.0 |      14 |       0 |   0.0
        D:5 |     309 |       0 |   0.0 |      11 |       0 |   0.0
            +---------+---------+-------+---------+---------+-------

Illustrated notes

Table legend:
 A = Kills in this place as a percentage of kills in entire the game.
 B = Kills by you in this place as a percentage of kills by you in the entire game.
 C = Kills by friends in this place as a percentage of kills by friends in the entire game.
 D = Other kills in this place as a percentage of other kills in the entire game.
 E = Experience gained in this place as a percentage of experience gained in the entire game.
 F = Experience gained in this place divided by the number of levels of this place that you have seen.
                   A       B       C       D       E      F
               +-------+-------+-------+-------+-------+----------------------
         Total | 100.0 | 100.0 |   N/A |   N/A | 100.0 | 183.4
       Dungeon | 100.0 | 100.0 |   N/A |   N/A | 100.0 | 183.4
               +-------+-------+-------+-------+-------+----------------------

Table legend: (Time is in decaauts)
 A = Elapsed time spent in this place.
 B = Non-inter-level travel time spent in this place.
 C = Inter-level travel time spent in this place.
 D = Time resting spent in this place.
 E = Time spent auto-exploring this place.
 F = Levels seen in this place.
 G = Mean time per level.
                   A        B        C        D        E       F      G
               +--------+--------+--------+--------+--------+-----+--------+
         Total |   3471 |   3337 |    134 |      0 |   2803 |   5 |  694.2 |
       Dungeon |   3471 |   3337 |    134 |      0 |   2803 |   5 |  694.2 |
               +--------+--------+--------+--------+--------+-----+--------+

Top non-repeatable levels by time:
     D:3: 1178 daAuts
     D:4: 756 daAuts
     D:2: 709 daAuts
     D:1: 593 daAuts
     D:5: 233 daAuts
